 Dungeon Sprint DCSS version 0.26-a0-1033-gd598b01645 (webtiles) character file.

Game seed: 16398883916191012030

32 mhtbhm the Bolt Thrower (level 3, -2/28 HPs)
             Began as a Human Hunter on Dec 10, 2020.
             Slain by a human (9 damage)
             ... in the Dungeon (Sprint III: "The Ten Rune Challenge").
             The game lasted 00:00:34 (239 turns).

mhtbhm the Bolt Thrower (Human Hunter)               Turns: 239, Time: 00:00:35

Health: -2/28      AC:  3    Str: 13    XL:     3   Next: 42%
Magic:  3/3        EV: 12    Int: 11    God:
Gold:   6          SH:  0    Dex: 13    Spells: 2/2 levels left

rFire    . . .     SeeInvis .   b - +0 short sword
rCold    . . .     Faith    .   (no shield)
rNeg     . . .     Spirit   .   c - +0 leather armour
rPois    .         Reflect  .   (no helmet)
rElec    .         Harm     .   (no cloak)
rCorr    .         Rampage  .   (no gloves)
Will     .....     NoTele   +   (no boots)
Stlth    ++........             (no amulet)
HPRegen  0.09/turn              (no ring)
MPRegen  0.08/turn              (no ring)

@: no status effects
A: no striking features
a: no special abilities


You were in the Dungeon.
You visited 1 branch You collected 6 gold pieces.

Inventory:

Hand Weapons
 a - a +1 hand crossbow
 b - a +0 short sword (weapon)
Missiles
 d - 16 bolts
Armour
 c - a +0 leather armour (worn)
Scrolls
 j - a scroll of blinking
Potions
 e - a potion of curing
 g - a potion of haste
 h - 2 potions of magic
 i - a potion of berserk rage
 k - a potion of ambrosia {unknown}


   Skills:
 + Level 2.5 Fighting
 + Level 1.0 Short Blades
 + Level 6.4 Crossbows
 + Level 0.3 Armour
 + Level 3.0 Dodging
 + Level 1.4 Stealth


You had 2 spell levels left.
You didn't know any spells.
Your spell library was empty.

Dungeon Overview and Level Annotations

Branches:
Dungeon (1/1)

Altars:


Message History

The human is severely wounded.
The human misses you.
You miss the human.
The human is severely wounded.
The human misses you.
You hit the human.
The human is almost dead.
The human hits you!
You barely miss the human.
The human is almost dead.
The human hits you but does no damage.
You closely miss the human.
The human is almost dead.
The human hits you.
You hit the human.
The human is almost dead.
The human hits you!
* * * LOW HITPOINT WARNING * * *
The human hits you!
You die...

▓.....#
▓.....#...≈≈♣..♣
▓....)#..≈≈≈≈..♣
▓####'#..≈≈≈≈≈≈.
▓....[#.≈≈≈≈≈≈..
▓.....#.≈≈≈≈≈...
▓.....#.≈≈≈....(
▓'#####.......(.
▓.......@p.(...(
▓▓▓▓▓▓▓▓▓▓▓▓▓▓▓▓


You could see a human.

Vanquished Creatures
  Jessica (D)
  An ooze (D)
  2 rats (D)
4 creatures vanquished.

Notes
Turn   | Place    | Note
-------+----------+-------------------------------------------
     0 | D        | mhtbhm the Human Hunter began the quest for the Orb.
     0 | D        | Reached XP level 1. HP: 16/16 MP: 1/1
   160 | D        | Noticed Jessica
   164 | D        | Killed Jessica
   165 | D        | Reached skill level 1 in Short Blades
   165 | D        | Reached skill level 6 in Crossbows
   165 | D        | Reached XP level 2. HP: 23/23 MP: 2/2
   165 | D        | Reached XP level 3. HP: 28/28 MP: 3/3
   239 | D        | Slain by a human

Illustrated notes

Levels and vault maps discovered:
D:        dungeon_sprint_mu [sprint_mu_entry_forest, sprint_mu_temple_rooms,
          sprint_mu_d1_spiders, sprint_mu_d2_genie, sprint_mu_d3_branching,
          sprint_mu_orc_legion, sprint_mu_elf_gauntlet, sprint_mu_hive_nellie,
          sprint_mu_lair_fedhas, sprint_mu_vaults_butterflies,
          sprint_mu_slime_circle, sprint_mu_swamp_cave, sprint_mu_shoals_archi,
          sprint_mu_blade_basic, sprint_mu_crypt_fortress,
          sprint_mu_tomb_spiral, sprint_mu_vestibule_basic,
          sprint_mu_gehenna_hellfire, sprint_mu_dis_giant,
          sprint_mu_tartarus_statrot, sprint_mu_cocytus_islands, sprint_mu_zot1]

Skill      XL: |  1 |
---------------+----+-----
Short Blades   | 1 |  1.0
Crossbows      | 6 |  6.4
Dodging        | 3 |  3.0
Fighting       | |  2.5
Armour         | |  0.3
Stealth        | |  1.4

Action                   || total
-------------------------++-------
Melee: Short sword       ||    23
 Fire: Hand crossbow     ||     8
  Use: Potion            ||     1
 Stab: Sleeping          ||     1
Armor: Leather armour    ||     3
Dodge: Dodged            ||    11

Table legend: (Time is in decaauts)
 A = Elapsed time spent in this place.
 B = Non-inter-level travel time spent in this place.
 C = Inter-level travel time spent in this place.
 D = Time resting spent in this place.
 E = Time spent auto-exploring this place.
 F = Levels seen in this place.
 G = Mean time per level.
                   A        B        C        D        E       F      G
               +--------+--------+--------+--------+--------+-----+--------+
         Total |    245 |    245 |      0 |    153 |      1 |   1 |  245.0 |
       Dungeon |    245 |    245 |      0 |    153 |      1 |   1 |  245.0 |
               +--------+--------+--------+--------+--------+-----+--------+

Top non-repeatable levels by time:
       D: 245 daAuts
